[Event "FIDE Candidates 2026"]
[Site "Pegeia, Cyprus"]
[Date "2026.04.07"]
[Round "8.2"]
[White "Wei, Yi"]
[Black "Bluebaum, Matthias"]
[Result "1/2-1/2"]
[ECO "C28"]
[WhiteElo "2754"]
[BlackElo "2698"]
[Annotator "Mark Crowther"]
[PlyCount "103"]
[EventDate "2026.??.??"]
[TimeControl "40/7200:1800+30"]

1. e4 e5 2. Nc3 Nf6 3. Bc4 Nc6 4. d3 Bb4 5. Nf3 d5 6. exd5 Nxd5 7. O-O Bxc3 8. bxc3 Bg4 9. Re1 ({RR} 9. Ba3 Nxc3 10. Qe1 Bxf3 11. gxf3 Nd5 12. Rb1 Qg5+ 13. Kh1 O-O-O 14. Rg1 Qh5 15. Rg3 f5 16. Rb5 f4 17. Rg4 Nd4 18. Qe4 Nxb5 19. Bxd5 Rxd5 20. Qxd5 Nxa3 21. Rxg7 Rd8 22. Qe6+ Kb8 23. Kg2 Qe8 {Duda,J (2732)-Alekseenko,K (2679) chess.com INT 2024 ½-½ (36)}) ({RR} 9. Bd2 O-O 10. a4 a6 11. h3 Bh5 12. Re1 Re8 13. a5 h6 14. Bb3 Qd7 15. Ba4 Nf4 16. Bxf4 exf4 17. Rxe8+ Rxe8 18. d4 Qf5 19. Bxc6 bxc6 20. Qd3 Qxd3 21. cxd3 Bxf3 22. gxf3 Rd8 23. Rb1 c5 {Schmakel,S (2449)-Ringoir,T (2525) Middleton, WI USA 2025 ½-½ (38)}) 9... O-O 10. Bd2 Bh5 $146 {C28: Vienna Game: 2...Nf6 3 Bc4 Nc6.} ({Predecessor:} 10... Qd6 11. Rb1 Bh5 12. h3 Rad8 13. g4 Bg6 14. Nh4 Nb6 15. Bb3 Na5 16. Nxg6 hxg6 17. Qf3 c6 18. c4 Nxb3 19. Rxb3 {1-0 Aronian,L (2745)-Giri,A (2768) Warsaw Superbet Rapid 2023 (3)}) ({RR} 10... Re8 11. Rb1 (11. h3 Bh5 12. Rb1 Nb6 13. Bb5 Qd6 14. g4 Bg6 15. Nh4 Rad8 16. Bg5 f6 17. Be3 Nd5 18. Qd2 a6 19. Bxc6 Qxc6 20. Nxg6 hxg6 21. c4 {½-½ (21) Roeberg,F (2265)-Taggatz,M (2205) Austria 2000}) 11... Nb6 12. Bb3 Qf6 13. Re4 Bh5 14. Qe2 Bg6 15. Re3 Re7 16. Bc1 Qd6 17. Nh4 Nd5 18. Nxg6 hxg6 19. Bxd5 Qxd5 20. Rb3 Rae8 21. f3 b6 22. Qe1 Na5 23. c4 Qd6 24. Rb1 Nc6 25. c3 {Emms,J (2305)-Condie,M (2410) Southampton 1986 0-1 (39)}) 11. a4 Kh8 12. a5 Rb8 13. Bb5 {[#]} Nde7 14. Ra4 {and g4 would now be decisive} Qd5 15. Bc4 Qd6 16. Bc1 f6 (16... f5 $11 17. Qe2 b5 18. axb6 cxb6) 17. Ba3 $14 Qd7 {[#]} 18. Bb5 {[%eval 6,20] [%wdl 12,982,6] A strong pair of Bishops.} (18. Bb3 $1 $16 ) 18... Rfd8 $11 19. Rh4 Bf7 ({Better is} 19... Qf5 $11 ) 20. Bxe7 $1 $14 Qxe7 21. d4 {Repels Qc5} Bg6 22. a6 Qd6 23. Bd3 Bxd3 24. Qxd3 h6 25. axb7 {White is more active.} Rxb7 26. g4 Kg8 27. Rh5 Qd7 28. h3 (28. dxe5 $2 Qxg4+ 29. Kf1 Rxd3 $19) 28... Qf7 {Dodges Qg6} 29. Qe4 Qd5 30. Qe2 Re8 31. c4 Qf7 32. Qe4 {Counterplay Black} (32. dxe5 {simplifies} Nxe5 33. Nxe5 Rxe5 34. Rxe5 fxe5 35. Rd1) 32... Qxc4 {The position is equal.} 33. Rxh6 $3 {Not a killer move, but probably not what you want to face with Black when you have eight minutes on your clock.} gxh6 {The good news for Bluebaum, however, is that his replies are forced.} 34. Qg6+ Kf8 35. Qxf6+ (35. Qxh6+ $6 Ke7 36. dxe5 Kd8 (36... Qxc2 $2 37. exf6+ Kd7 38. Qg7+ {[%mdl 64] Deflection} Kd6 39. f7 $18) 37. Rd1+ Kc8 38. exf6 Rb6 $17 (38... Qxc2 39. Rd2 $17)) 35... Kg8 (35... Qf7 $2 {leaves the c6-knight undefended, but it's worse than that.} 36. Qxh6+ Kg8 37. Ng5 $1 {Now White is winning.} (37. Qxc6 {is likely a draw.}) 37... Qd5 38. Qg6+ Kf8 39. Nh7+ Ke7 40. Qg5+ Kd6 41. Nf6 {is not the kind of thing Black wants to contemplate.}) 36. Qg6+ (36. Qxh6 Re7 37. Qg6+ (37. dxe5 $2 Qxc2 38. Kg2 Rb2 $19) 37... Kf8 $17) 36... Kf8 37. Qf6+ Kg8 38. Qg6+ Kf8 39. Qxh6+ ({Of course not} 39. dxe5 $6 {too greedy.} Re6 (39... Qe6 40. Qh7 Rd8 $17) 40. Qf5+ Ke8 $19) 39... Kg8 40. Qg6+ Kf8 41. Qf6+ Kg8 42. Ng5 {Wei plays on instead of forcing an immediate draw.} Nxd4 $1 {A key move. It was clear that Bluebaum had most of the rest of the game worked out.} 43. Qg6+ Kf8 44. Qf6+ Kg8 45. Qg6+ Kf8 46. Qh6+ Ke7 $1 {Essential.} (46... Kg8 $2 47. Qh7+ Kf8 48. Qh8+ Ke7 49. Qxe5+ {and Black is busted.}) 47. Rxe5+ Kd8 48. Qf6+ {It turns out that this is equal and white has nothing better than to repeat.} Kd7 49. Qg7+ Kd8 {The king has to keep defending the rook.} 50. Qf6+ Kd7 51. Qg7+ Kd8 52. Qf6+ {A great fight $1} 1/2-1/2

[Event "FIDE Candidates 2026"]
[Site "Pegeia, Cyprus"]
[Date "2026.04.07"]
[Round "8.3"]
[White "Giri, Anish"]
[Black "Praggnanandhaa R"]
[Result "1-0"]
[ECO "D24"]
[WhiteElo "2753"]
[BlackElo "2741"]
[Annotator "Mark Crowther"]
[PlyCount "87"]
[EventDate "2026.??.??"]
[TimeControl "40/7200:1800+30"]

1. d4 Nf6 2. c4 e6 3. Nf3 d5 4. Nc3 dxc4 5. e4 b5 6. e5 Nd5 {[#]} 7. Nxb5 Nb6 8. Be2 {White is slightly better.} Be7 9. O-O O-O {Giri checked with Praggnanandhaa after the game if he hadn't mixed up his prep. The Indian hadn't, but he was surprised by the novelty that followed.} ({RR} 9... Nc6 10. Qd2 O-O 11. Rd1 Rb8 12. Nc3 Bb7 13. Qf4 Nb4 14. Qg4 Kh8 15. Ne4 f5 16. exf6 gxf6 17. Nc5 Rg8 18. Qxe6 Bc8 19. Qe4 Rg4 20. Qb1 Qd5 21. Be3 Bf5 22. Qc1 Nc2 23. g3 Rbg8 24. Ne1 {Mamedyarov,S (2738)-Tabatabaei,M (2675) chess.com INT 2023 0-1}) 10. a4 $1 {Black is already under heavy pressure.} ({RR} 10. Qc2 Ba6 11. a4 Nc6 12. Rd1 Qd7 13. Be3 Kh8 14. h3 Rab8 15. Nc3 Nb4 16. Qb1 N6d5 17. Ne4 Nxe3 18. fxe3 Nd3 19. Bxd3 cxd3 20. Nf2 Rb3 21. Nxd3 Rfb8 22. Nfe1 Qd5 23. Nf4 Qb7 24. Ned3 Qe4 {Hurov,D (1632)-Dubnevych,M (2320) Lviv UKR 2026 0-1 (38)}) 10... Ba6 11. Na3 $1 $146 {Judit Polgar and David Howell wondered if Praggnanandhaa had underestimated this retreat, taking aim at the c4-pawn.} ({Predecessor: RR} 11. b3 cxb3 12. Qxb3 c6 13. Nc3 Bxe2 14. Nxe2 N8d7 15. Nf4 Nd5 16. Nxd5 cxd5 17. a5 {1-0 Tilicheev,V (2540)-Lagunow,R (2428) Pfalz op 10th Neustadt an der Weinstrasse 2019 (5)} f6 18. exf6 Bxf6 19. Bf4 Nc5 20. Qb5 Ne4 21. Rac1 Qe8 22. Qb7 Qa4 23. Rc7 Rab8 24. Qxa7 Ra8 25. Qb7 Rfb8 {Tilicheev,V (2540)-Lagunow,R (2428) Neustadt an der Weinstrasse 2019 1-0 (34)}) ({RR} 11. Be3 Nc6 12. Nd2 Bxb5 13. axb5 Nxd4 14. Nxc4 Nf5 15. Bf4 Nd5 16. Bd2 Bc5 17. Na5 Nd4 18. Bc4 Bb6 19. Qg4 f5 20. exf6 Nxf6 21. Qd1 Qe8 22. Nb3 Nxb5 23. Qe2 Nd6 24. Qxe6+ Kh8 25. Bc3 Qxe6 {Stern,R (2531)-Lagunow,R (2409) Germany 2018 ½-½ (42)}) 11... c5 12. a5 Nd5 {Removing one defender of c4.} 13. Bxc4 Qxa5 $6 {A bold decision, but safer was This leaves black on the back foot.} (13... Bxc4 14. Nxc4 Nc6 15. dxc5 Bxc5 {and playing a healthy position, even if a pawn down. was probably a better way of going about things.}) 14. Nc2 Qb6 {Now the queen is awkwardly tied to defending the black bishop.} 15. Bxd5 exd5 16. Re1 (16. dxc5 {seems wilder.} Bxc5 17. b4 $1 {is a strong alternative.} Bxb4 $2 {isn't possible due to} (17... Be7 18. Re1) 18. Nxb4 Qxb4 19. Ba3 $1) 16... Bb7 ({Better is} 16... Bc8 $14 ) 17. Bg5 $5 {Giri called this \"such a lazy move\" and in general said he made a lot of lazy decisions, but you could also call them pragmatic—gaining an edge on the clock counts as well.} (17. Ne3 cxd4 18. Nf5 $1 {is one try for more.}) 17... Bxg5 18. Nxg5 {And now e6 would win.} h6 19. dxc5 {White has a strong passed pawn} Qxc5 20. Nf3 Nc6 21. Ncd4 Nxd4 22. Nxd4 (22. Qxd4 Rfc8 $11) 22... Bc8 23. Qd2 {White is much more active. The black rooks are passive.} Rb8 24. Rec1 (24. b3 $5) 24... Qb6 25. b3 {The knight is a beautiful piece on d4, but there's still work to do.} Bd7 26. h3 Rfc8 27. Rd1 Rc5 28. Kh2 a5 29. f4 f6 $6 {A weakening move, though with a concrete plan which could have paid off. In real terms this is what puts black in trouble.} (29... Rbc8 $11 {is sounder.}) 30. Re1 Re8 (30... Qb4 31. Qf2 fxe5 32. Rxe5 Rf8) 31. Re2 fxe5 32. fxe5 Qc7 33. Rae1 a4 34. bxa4 Bxa4 35. Kh1 {The moment of truth. Black can save the day here, but only with what Giri called \"such a high-class exercise.\" The engine's don't think white is much better, if at all. But black getting the Ba5 into the game or not will decide this game.} Qf7 $2 {[%eval 162,21] [%wdl 981,19,0] Now the e-pawn essentially becomes unstoppable. This move loses the game for Black.} (35... Bb5 $1 $11 {[%eval 28,20] [%wdl 10,990,0] and Black stays safe.} 36. Re3 Ba4 $3 {actually holds. The point is that Black wants to play ...Bc2-e4 and then grab the pawn on e5. Stopping that with} 37. R3e2 {would just be a draw by repetition.} (37. e6 Bc2 38. e7 Be4 39. Ne6 Qxe7 40. Nxc5 Qxc5 {is one way of playing on, but it's very unlikely White can win this position.})) 36. e6 $1 $18 Qg6 (36... Qc7 $16 37. Re5 Bc2) 37. Rf2 Rc4 38. Rf4 h5 $2 ({A quiet move such as} 38... Kh7 {[%eval 195,19] [%wdl 998,2,0] is more resilient, but Black's position remains borderline lost. is a better defense.} 39. e7 Rc7) 39. Qf2 Bc2 {Praggnanandhaa finally implements the play with ...Bc2-e4, but the e-pawn is too far gone. Too late.} 40. e7 {White is clearly winning.} Be4 41. Rf8+ Kh7 42. Rxe8 Qxe8 {[#]} 43. Rxe4 $3 {Winning in style $1 Not a hard calculation for Giri.} (43. Qf8 Rc8 44. Ne6 {also works.}) 43... dxe4 44. Qf5+ $1 {Here Praggnanandhaa waited for Giri to return to the table and then resigned.} (44. Qf5+ g6 45. Qf8 Rc8 46. Ne6 $1 {White threatens checkmate with Ng5.} Qxf8 47. exf8=Q Rxf8 48. Nxf8+) (44. Qf5+ {If the king moves to plausible squares, the rook will be picked up by check e.g.} Kg8 45. Qe6+ Kh8 46. Qxc4) 1-0

[Event "FIDE Candidates 2026"]
[Site "Pegeia, Cyprus"]
[Date "2026.04.07"]
[Round "8.4"]
[White "Nakamura, Hikaru"]
[Black "Caruana, Fabiano"]
[Result "1-0"]
[ECO "A33"]
[WhiteElo "2810"]
[BlackElo "2795"]
[Annotator "Rafael Leitao"]
[PlyCount "133"]
[EventDate "2026.??.??"]
[TimeControl "40/7200:1800+30"]

1. c4 {Mark Crowther} c5 2. Nf3 Nc6 3. d4 cxd4 4. Nxd4 Nf6 5. Nc3 e6 6. Bf4 {Uma variante sólida da Abertura Inglesa. Este é apenas o sexto lance mais popular para as Brancas.} (6. g3) (6. e4) (6. a3) 6... d5 $1 {A melhor maneira de jogar em busca da igualdade.} 7. cxd5 Nxd5 8. Nxc6 bxc6 9. Bd2 {As Brancas têm uma estrutura de peões ligeiramente superior, mas as Pretas têm bom desenvolvimento, e isso é suficiente para igualar.} Bb4 10. Qa4 {Caruana provavelmente não esperava essa abertura, e muito menos esse lance, já que pensou por 20 minutos.} ({RR} 10. a3 {Mark Crowther} Bxc3 11. bxc3 O-O 12. e4 Nf6 13. Qc2 e5 14. Be2 Be6 15. Be3 Qa5 16. O-O Rab8 17. c4 Rfd8 18. h3 h6 19. Rfc1 Rd7 20. Bd3 Nh5 21. Qc3 Qxc3 22. Rxc3 Nf4 23. Bf1 Rb2 24. Re1 a5 {Erigaisi,A (2775)-Niemann,H (2725) Kolkata IND 2026 1-0 (58)}) 10... a5 {Uma novidade que certamente foi criada sobre o tabuleiro. Mark Crowther: 'N'} ({Mark Crowther: 'RR'} 10... Qb6 {é o lance crítico. Uma partida importante seguiu com:} 11. a3 Bxc3 12. bxc3 O-O (12... Qb2 {Mark Crowther} 13. Rc1 O-O 14. e4 Nf6 15. Bd3 Rd8 16. Bc2 Rb8 17. e5 Rb5 18. O-O Rxd2 19. exf6 gxf6 20. Qe4 Rf5 21. Qg4+ Rg5 22. Qe4 Rf5 23. Qg4+ Rg5 24. Qe4 {½-½ (24) Romanov,E (2654)-Erdos,V (2661) Germany 2014}) 13. e4 Nf6 14. Bd3 Ng4 15. O-O Rd8 16. Qc2 Ba6 17. Bxa6 Qxa6 {com igualdade em Niemann–Vidit, Charity Cup do Chess24, rápido 2022.} 18. Bf4 {Mark Crowther} Qc4 19. Rfd1 e5 20. Rxd8+ Rxd8 21. Rd1 Rxd1+ 22. Qxd1 h5 23. Bg5 Qxc3 24. h3 Nf6 25. Qd8+ {Niemann,H (2642)-Vidit,S (2723) chess24.com INT 2022 ½-½ (40)}) ({Predecessor:} 10... Rb8 {Mark Crowther} 11. e4 Nxc3 12. bxc3 Ba5 13. Rd1 O-O 14. Be2 Qc7 15. O-O Bb7 16. g3 Rbd8 17. Qc4 Bb6 {½-½ Artemiev,V (2700)-Grischuk,A (2742) RUS-chT 29th Sochi 2022 (7.4)}) 11. e4 Nxc3 12. bxc3 Be7 13. Be2 (13. Qxc6+ {é ganancioso demais. As Pretas têm excelente compensação pelo peão após} Bd7 14. Qc4 O-O) 13... O-O 14. Bf4 Ba6 15. Bxa6 Rxa6 {Caruana conseguiu igualar a partida e, em circunstâncias normais, não deveria ter tido dificuldades para fazer o empate. No entanto, recentemente Nakamura tem se mostrado um adversário complicado para ele quando joga de Pretas, e esse fator psicológico, ou talvez o fato de já não ter mais chances de vitória, provavelmente prejudicou seu jogo.} 16. Rd1 Qb6 17. O-O Qb5 18. Qc2 {Nakamura disse em seu vídeo de análise que já tinha tudo isso preparado previamente.} Bc5 (18... Qc4 {foi o lance que Nakamura havia estudado, impedindo c3-c4. $146ão é o mais preciso, já que após} 19. Rd4 $1 {As Brancas podem retirar a dama.}) (18... Rb6 $1 {é o melhor, quando as Pretas igualam sem problemas. A ideia é responder a c3-c4 com a dama indo para b2.} 19. Rb1 {Atacando a dama, mas retirando a torre da importante coluna d.} (19. Rd7 Bc5) (19. c4 Qb2) 19... Qa6 {com chances iguais.}) 19. c4 $1 Qb7 20. Be5 {Embora o computador ainda aponte igualdade, na prática a posição das Brancas é mais confortável e há chances de jogar por algo além do empate. Esse tipo de “igualdade” é aquele que estamos acostumados a ver terminando em vitória para Carlsen em tantas partidas.} Qe7 (20... f6 {é possível, mas as Brancas mantêm alguma pressão após} 21. Bd6 Bxd6 22. Rxd6) 21. Qd3 {Mark Crowther: 'Black has equality but his position is harder to play. What Nakamura does from now on is extremely impressive.'} f6 {A sétima fileira será a ruína das Pretas nesta partida. Sabendo disso, é possível recomendar um lance diferente aqui. Mark Crowther: '?!' Mark Crowther: 'If we're looking for where black went wrong then maybe this isn't wise.'} (21... h6 $5 22. Qg3 (22. Bd6 {Mark Crowther} Bxd6 23. Qxd6 Qxd6 24. Rxd6 Rb8 $11) 22... Qg5 23. Rd7 (23. Qc3 {também é possível.}) 23... Qxg3 24. hxg3 Rb6 {As Pretas estão perto do empate.}) 22. Bd6 Bxd6 23. Qxd6 Qxd6 24. Rxd6 {Mark Crowther: '=' Mark Crowther: 'The engine gives equality, but this is not easy for Caruana at all.'} Rb8 25. Rxe6 (25. h4 $5 {também é possível, primeiro dando um pouco de ar ao rei, mas é difícil resistir à tentação de simplesmente capturar o peão.}) 25... Rb2 (25... Kf7 {leva a um empate fácil após} 26. Rd6 Ra7 $1 27. Rxc6 Rb2 {O peão em a2 será capturado e as Pretas ficam ativas com um peão passado distante.}) 26. Re7 Rab6 27. Ra7 {Mark Crowther: '!' Mark Crowther: 'An extremely good practical chance.'} (27. h4 {Mark Crowther} Rb7 $11) 27... Rxa2 $2 {O verdadeiro início dos problemas das Pretas.} (27... Rb7 $1 {É importante controlar a sétima fileira.} 28. Rxa5 R7b4 29. g3 Rxc4 {Apesar de estarem com um peão a menos, as torres das Pretas são muito ativas.}) 28. h3 $1 (28. h4 {é menos preciso, já que o peão pode ser atacado por uma torre preta mais adiante.}) 28... h5 $2 {[%eval 298,16] [%wdl 1000,0,0] O lance perdedor.} (28... Rab2 $1 {[%eval 76,18] [%wdl 170,830,0] era necessário, quando após Mark Crowther: '' Mark Crowther: 'At some point Caruana had to give up material to cover his second rank, after which he would probably have held.'} 29. Rxa5 Rb7 {As Pretas vão sofrer um pouco, mas o empate pode ser alcançado.}) 29. Rd1 {Dobrar as torres na sétima fileira é um sonho realizado. As Pretas farão algo semelhante, mas as Brancas podem criar ameaças muito mais sérias com suas torres. Mark Crowther: '+-' Mark Crowther: 'and suddenly white is winning. All very instructive.'} Rbb2 30. Rd8+ {Mark Crowther: '!'} Kh7 31. Rdd7 Rxf2 32. Rxg7+ Kh8 {Mark Crowther: '[#]'} ({Após} 32... Kh6 33. h4 {O rei das pretas está preso em uma rede de mate.}) 33. Rh7+ {Mark Crowther: '!'} Kg8 34. Rag7+ (34. Rhb7 $2 {é um grande erro, já que as pretas podem escapar do mate com} Rxg2+ 35. Kf1 Kh8 {e a torre pode ir para g8, se necessário.}) ({Inferior is} 34. Rxh5 {Mark Crowther} Rxg2+ 35. Kh1 Rgd2) 34... Kf8 {Mark Crowther: '[#]'} 35. Rf7+ {Mark Crowther: '!'} Kg8 (35... Ke8 $2 36. Rb7 Rxg2+ 37. Kf1 {As Brancas darão mate em b8 ou em h8.}) 36. Rhg7+ Kh8 37. Rg6 {Ameaçando e4-e5. Mark Crowther: 'Nakamura has conjured a win out of almost nowhere.'} Rf4 (37... a4 38. e5 a3 39. exf6 {As Brancas dão mate antes que o peão de a seja promovido.}) 38. Rfxf6 Rxf6 39. Rxf6 Kg7 40. Rxc6 Rc2 41. Rc5 Kg6 {Mark Crowther: 'White is clearly winning.'} 42. Rxa5 Rxc4 43. Re5 {As Brancas chegam a um final com dois peões a mais, e a vitória é fácil para um jogador como Nakamura.} h4 44. Kf2 Rc2+ 45. Kf3 Rc3+ 46. Kg4 Rg3+ 47. Kxh4 Rxg2 {Mark Crowther: 'This is a completely hopeless endgame for black.'} 48. Rf5 {Como Nakamura explicou bem em seu vídeo, às vezes é possível empatar mesmo com dois peões a menos se eles estiverem separados por apenas uma coluna, mas aqui eles estão separados por duas.} Rg1 49. Rf4 Ra1 50. Kg3 Rg1+ 51. Kf3 Rf1+ 52. Ke3 Re1+ 53. Kd4 Ra1 54. Rf5 {Caruana certamente ficou muito frustrado com esta partida, o que explica por que continuou jogando nesta posição.} Rh1 55. Rf3 Ra1 56. h4 Ra4+ 57. Ke5 Ra5+ 58. Kf4 Rh5 59. Kg4 Re5 60. Rf4 Kh6 61. Kf3 Kg6 62. Ke3 Ra5 63. Rg4+ Kf6 {Mark Crowther: '[#]'} 64. Rg5 {Mark Crowther: '!'} Ra1 (64... Rxg5 65. hxg5+ Kxg5 66. Kd4 Kf6 67. Kd5 Ke7 68. Ke5 {com uma vitória trivial.}) (64... Ra3+ {Mark Crowther} 65. Kf4) 65. Rf5+ Kg6 66. h5+ Kh6 67. e5 1-0